 Dungeon Crawl Stone Soup version 0.20.1-1-g8b1a95d (webtiles) character file.

34 PrincessLeslie the Caller (level 3, 0/14 HPs)
             Began as a Felid Summoner on Aug 19, 2017.
             Succumbed to an adder's poison
             ... on level 2 of the Dungeon.
             The game lasted 00:12:54 (1512 turns).

PrincessLeslie the Caller (Felid Summoner)          Turns: 1512, Time: 00:12:54

Health: 0/14       AC:  1    Str:  4    XL:     3   Next: 14%
Magic:  3/7        EV: 18    Int: 17    God:
Gold:   69         SH:  0    Dex: 16    Spells: 1/7 levels left
                                        Lives:  0   Deaths: 0

rFire    + . .     SeeInvis +   (weapon unavailable)
rCold    . . .     Gourm    .   (shield unavailable)
rNeg     . . .     Faith    .   (armour unavailable)
rPois    .         Spirit   .   (helmet unavailable)
rElec    .         Reflect  .   (cloak unavailable)
rCorr    .         Harm     .   (gloves unavailable)
MR       .....                  (boots unavailable)
Stlth    +++.......             (no amulet)
Regen    0.1/turn               l - ring of protection from fire
MPRegen  0.1/turn               (no ring)

@: lethally poisoned (0 -> -6), quick
A: no armour, no weapons or thrown items, stealth, claws 1, fangs 3, see
invisible, carnivore 3, speed 1, shaggy fur 1, slow metabolism 1, sharp paws
a: no special abilities


You were on level 2 of the Dungeon.
You were full.

You visited 1 branch of the dungeon, and saw 2 of its levels.

You collected 69 gold pieces.

Inventory:

Hand Weapons
 c - a +0 short sword
 d - a cursed -1 club
 h - a +0 club
 j - a +0 club
Armour
 e - a +0 robe
Jewellery
 l - a ring of protection from fire (left paw)
Scrolls
 i - a scroll of identify {unknown}
Potions
 k - a potion of degeneration {unknown}
Books
 a - a book of Callings

   Spells                             Type                      Level
   a - Summon Small Mammal            Summoning                    1
   b - Call Imp                       Summoning                    2
   c - Call Canine Familiar           Summoning                    3
   d - Summon Guardian Golem          Hexes/Summoning              3
   e - Summon Lightning Spire         Summoning/Air                4
   f - Summon Ice Beast               Ice/Summoning                4
Comestibles
 b - a meat ration
 g - 5 fruits
 m - a bread ration


   Skills:
 + Level 2.6 Dodging
 + Level 2.9 Stealth
 + Level 0.4 Unarmed Combat
 + Level 2.5 Spellcasting
 + Level 4.6 Summonings


You had one spell level left.
You knew the following spells:

 Your Spells              Type           Power        Failure   Level  Hunger
a - Summon Small Mammal   Summ           ###.         2%          1    #......
b - Call Imp              Summ           ###.....     4%          2    ##.....
c - Summon Guardian Gole  Hex/Summ       #.......     22%         3    ###....


Dungeon Overview and Level Annotations

Branches:
Dungeon (2/15)

Altars:

Annotations:
D:2 Terence


Innate Abilities, Weirdness & Mutations

You cannot wear armour.
You are incapable of wielding weapons or throwing items.
Your paws allow you to move quietly. (Stealth)
You have sharp claws.
You have razor-sharp teeth.
You have supernaturally acute eyesight. (SInv)
You are carnivorous and can eat meat at any time.
You cover ground quickly.
You are covered in fur. (AC +1)
You have a slow metabolism.
Your sharp claws are effective at attacking unaware monsters.


Message History

You kill the dart slug!
The adder misses you. The adder bites you.
* * * LOW HITPOINT WARNING * * *
The adder completely misses you.
* * * LOW HITPOINT WARNING * * *
You feel sick.
* * * LOW HITPOINT WARNING * * *
You feel sick. The adder closely misses you. What are your orders? t - Meow!
Orders for allies: a - Attack new target. r - Retreat! s - Stop attacking. g - Guard the area. f - Follow me.
Anything else - Cancel.
Okay, then.
Drop what? 12/52 slots (_ for help) (? for menu, Esc to quit)
Okay, then.
Something hits your white imp but does no damage.
Found a runed helmet.
You die...

#.............
.......
.......#### ..
r.........#
....
.@........#
.....
..........##
#..
...5.......#
#..
####.......#
#..
#......@...#
#..
#..........#
#..
.[......S..#
#..
........S..#
#..
...........#
#..
...........#
#..
.........#.#
#..
.....#####.#
#.. .... #.#
#..


You could see Terence, 2 adders, a rat and a friendly white imp.

Vanquished Creatures
  A dart slug (D:2)
  A ball python (D:1)
  A bat (D:1)
  A kobold (D:1)
4 creatures vanquished.

Vanquished Creatures (collateral kills)
  2 adders (D:2)
  A dart slug (D:1)
  An orc (D:2)
  2 goblins
  3 hobgoblins
  4 jackals (D:1)
  2 bats (D:1)
  A frilled lizard (D:1)
  8 kobolds
  3 rats (D:1)
27 creatures vanquished.

Grand Total: 31 creatures vanquished

Notes
Turn   | Place    | Note
-------+----------+-------------------------------------------
     0 | D:1      | PrincessLeslie the Felid Summoner began the quest for the Orb.
     0 | D:1      | Reached XP level 1. HP: 7/7 MP: 4/4
   496 | D:1      | Reached XP level 2. HP: 5/11 MP: 4/6
   500 | D:1      | Learned a level 2 spell: Call Imp
  1408 | D:2      | Noticed Terence
  1459 | D:2      | Reached XP level 3. HP: 12/14 MP: 1/7
  1479 | D:2      | Learned a level 3 spell: Summon Guardian Golem
  1512 | D:2      | Succumbed to an adder's poison

Action                   || total
-------------------------++-------
Melee: Unarmed           ||    16
       Bite              ||     2
 Cast: Summon Small Mamm ||    21
       Call Imp          ||    25
  Use: Scroll            ||     2
  Eat: Meat ration       ||     1
Armor: Skin              ||     3
Dodge: Dodged            ||    45
